 Dungeon Crawl Stone Soup version 0.31-a0-662-g684573625c (webtiles) character file.

Game seed: 5500999300664795642

955 holysushi the Cutter (level 8, 0/39 HPs)
             Began as a Vine Stalker Monk on Sept 1, 2023.
             Was a Believer of Wu Jian.
             Slain by an ogre
             ... wielding a +0 giant club
              (24 damage)
             ... on level 6 of the Dungeon.
             The game lasted 00:04:15 (4089 turns).

holysushi the Cutter (Vine Stalker Monk)            Turns: 4089, Time: 00:04:16

Health: 0/39       AC:  5    Str: 15    XL:     8   Next: 14%
Magic:  0/9        EV: 14    Int: 10    God:    Wu Jian [**....]
Gold:   286        SH:  0    Dex: 18    Spells: 7/7 levels left

rFire   . . .        a - +0 short sword
rCold   . . .        d - orb {light}
rNeg    . . .        b - +0 robe
rPois   .            s - +0 helmet
rElec   .            f - +0 cloak
rCorr   .            (no gloves)
SInv    .            o - +0 pair of boots
Will    +....        (no amulet)
Stlth   +            (no ring)
HPRegen 1.06/turn    (no ring)
MPRegen 0.11/turn

%: guardian spirit
@: glowing
A: fangs 3, regeneration 1, magic shield, antimagic bite, no potion heal 2
a: Renounce Religion, Wall Jump


You were on level 6 of the Dungeon.
You worshipped Wu Jian.
Wu Jian was pleased with you.
You visited 2 branches of the dungeon, and saw 7 of its levels.

You collected 286 gold pieces.

Inventory:

Hand Weapons
 a - a +0 short sword (weapon)
Armour
 b - a +0 robe (worn)
 d - an orb of light (worn)
 f - a +0 cloak (worn)
 o - a +0 pair of boots (worn)
 s - a +0 helmet (worn)
Wands
 l - a wand of charming (9)
 y - a wand of flame (5)
Scrolls
 g - a scroll of revelation {unknown}
 h - a scroll of brand weapon {unknown}
 i - a scroll of fog {unknown}
 j - 6 scrolls of identify {unknown}
 k - 2 scrolls of teleportation {unknown}
 q - 2 scrolls of fear {unknown}
 t - a scroll of vulnerability {unknown}
 x - a scroll of immolation {unknown}
 B - a scroll of poison {unknown}
Potions
 c - a potion of ambrosia
 e - a potion of brilliance {unknown}
 m - a potion of enlightenment {unknown}
 n - a potion of degeneration {unknown}
 p - 2 potions of haste {unknown}
 r - 3 potions of invisibility {unknown}
 u - a potion of lignification {unknown}
 v - a potion of might {unknown}
 w - 2 potions of resistance {unknown}
 z - a potion of cancellation {unknown}
 A - a potion of heal wounds {unknown}


   Skills:
 - Level 2.6 Fighting
 + Level 7.4 Short Blades
 + Level 4.9 Dodging
 + Level 0.0 Evocations


You had 7 spell levels left.
You didn't know any spells.
Your spell library contained the following spells:

 Spells                   Type           Power      Damage    Failure   Level
 Wereblood                Tmut           0%         N/A       50%         2
 Stone Arrow              Conj/Erth      0%         3d7       75%         3
 Animate Armour           Summ/Erth      0%         N/A       98%         4
 Vhi's Electric Charge    Tloc/Air       0%         N/A       98%         4
 Arcjolt                  Conj/Air       0%         1d10      100%        5
 Irradiate                Conj/Tmut      0%         3d11      100%        5
 Lehudib's Crystal Spear  Conj/Erth      0%         10d2      100%        8
 Maxwell's Capacitive Co  Air            0%         ∞         100%        8


Dungeon Overview and Level Annotations

Branches:
Dungeon (6/15) Zot: 24999  Temple (1/1) D:5 Zot: 5977

Altars:
Ashenzari
Cheibriados
Dithmenos
Elyvilon
Fedhas
Gozag
Hepliaklqana
Kikubaaqudgha
Nemelex Xobeh
Okawaru
Qazlal
Ru
Sif Muna
Trog
Uskayaw
Vehumet
Wu Jian
Xom
Yredelemnul
The Shining One

Annotations:
D:4 Edmund


Innate Abilities, Weirdness & Mutations

You have razor-sharp teeth.
Your natural rate of healing is unusually fast.
When hurt, damage is shared between your health and your magic reserves.
Your bite disrupts and absorbs the magic of your enemies.
Potions cannot restore your health.


Message History

There is a staircase to the Ecumenical Temple here.
You see here a +0 ring mail.
You see here a +0 ring mail.
Done exploring.
Done exploring.
Done exploring.
Done exploring.
Done exploring.
Done exploring.
Done exploring.
There is a stone staircase leading down here.
You climb downwards.
Found 11 gold pieces.
There is a stone staircase leading up here.
Found a stone staircase leading up.
You now have 286 gold pieces (gained 11).
Found a scale mail.
B - a scroll labelled VOUSTU AQUFF You see here a +0 scale mail.
Found 6 stones.
You see here 6 stones.
Found a robe.
An ogre comes into view. It is wielding a +0 giant club.
The ogre shouts!
You hear a shout!
An orc comes into view. It is wielding a +0 flail.
There are monsters nearby!
There are monsters nearby!
There are monsters nearby!
You hit the ogre.
The ogre is lightly wounded.
The ogre hits you with a +0 giant club!!
You completely miss the ogre. You bite the ogre. You drain its power.
You feel invigorated.
The ogre is lightly wounded.
You hit the ogre but do no damage. You bite the ogre. You drain its power.
You feel invigorated.
The ogre is moderately wounded.
The ogre hits you with a +0 giant club!!
Ouch! That really hurt!
You die...

..# #<##.##.# ##.#
#.##.##.# #.#
#.##....# #.#
#.#####.# #.#####
#.# #.# ... ... #.#
#.# #.####.#####.#
#.#
#............#####.#
#...@...........#
#.#O###########.# #o
#.# .. #.# ### #.#
#.# #.# #.#


You could see an ogre and an orc.

Vanquished Creatures
  2 black bears
  Blork the orc (D:4)
  3 scorpions (D:4)
  2 hounds (D:4)
  An orc priest (D:5)
  An iguana (D:5)
  A sleepcap (D:4)
  6 orc wizards
  2 gnolls (D:5)
  8 adders
  An ufetubus (D:5)
  2 worms
  4 dart slugs
  20 orcs
  7 ball pythons
  5 endoplasms
  4 giant cockroaches
  9 goblins
  5 hobgoblins
  A jackal (D:4)
  6 kobolds
  4 quokkas
  4 bats
  2 frilled lizards (D:1)
  6 rats
107 creatures vanquished.

Vanquished Creatures (others)
  An ogre (D:5)
  A gnoll (D:5)
2 creatures vanquished.

Grand Total: 109 creatures vanquished

Notes
Turn   | Place    | Note
-------+----------+-------------------------------------------
     0 | D:1      | holysushi the Vine Stalker Monk began the quest for the
                  | Orb.
     0 | D:1      | Reached XP level 1. HP: 11/11 MP: 2/2
   119 | D:1      | Reached skill level 3 in Short Blades
   148 | D:1      | Reached XP level 2. HP: 16/16 MP: 3/3
   227 | D:1      | Found a faded altar of an unknown god.
   628 | D:1      | Reached XP level 3. HP: 19/19 MP: 4/4
  1148 | D:2      | Reached skill level 4 in Short Blades
  1803 | D:3      | Reached XP level 4. HP: 23/23 MP: 2/5
  1899 | D:3      | You fall into a shaft and drop 3 floors!
  1905 | D:5      | Entered Level 5 of the Dungeon
  2000 | D:4      | Reached skill level 5 in Short Blades
  2000 | D:4      | Reached XP level 5. HP: 26/27 MP: 4/6
  2274 | D:3      | Found a broken altar of Ashenzari.
  2506 | D:4      | Noticed Blork the orc
  2519 | D:4      | Killed Blork the orc
  2520 | D:4      | Reached XP level 6. HP: 30/32 MP: 5/7
  2577 | D:4      | Reached skill level 6 in Short Blades
  2595 | D:4      | Noticed a black bear
  2615 | D:4      | Killed a black bear
  2679 | D:4      | Reached XP level 7. HP: 35/35 MP: 8/8
  2958 | D:4      | Noticed Edmund
  3221 | D:5      | Reached skill level 7 in Short Blades
  3267 | D:5      | Found a staircase to the Ecumenical Temple.
  3311 | Temple   | Entered the Ecumenical Temple
  3322 | Temple   | Became a worshipper of the Wu Jian Council
  3322 | Temple   | Reached * piety under Wu Jian
  3322 | Temple   | Reached ** piety under Wu Jian
  3387 | D:5      | Gained mutation: You have razor-sharp teeth. [Vine Stalker
                  | growth]
  3387 | D:5      | Reached XP level 8. HP: 39/39 MP: 9/9
  4089 | D:6      | Slain by an ogre

Illustrated notes

Levels and vault maps discovered:
D:1:      dpeg_arrival_water_temple_mockup, layout_basic,
          hellmonk_ecumenical_altar_lost_god
D:2:      wander_river, layout_loops_ring, due_unseen_surprise
D:3:      layout_loops_cross, mainiacjoe_overflow_24_doors,
          serial_bayou_lagoon_a
D:4:      minmay_chambers_of_threes, layout_cave_pools, fountainhead,
          minmay_bent, uniq_edmund, uniq_blork_the_orc
D:5:      layout_basic, minmay_temple_entry_steel_oval
D:6:      layout_loops_ring, uniq_jeremiah
Temple:   hellmonk_temple_of_storms

Skill      XL: |  1  2  3  4  5  6  7 |
---------------+----------------------+-----
Short Blades   | 3 4 5 6 7 |  7.4
Dodging        | 3 4 |  4.9
Fighting       | |  2.6

Action                     |  1- 3 |  4- 6 |  7- 9 || total
---------------------------+-------+-------+-------++-------
  Melee: Short sword       |   113 |   131 |   162 ||   406
         Bite              |    36 |    50 |    68 ||   154
Ability: Lunge             |       |       |     3 ||     3
         Whirlwind         |       |       |     2 ||     2
  Evoke: Wand              |       |       |     2 ||     2
 Armour: Robe              |    48 |    52 |    58 ||   158
  Dodge: Dodged            |    56 |    60 |    84 ||   200

Table legend: (Time is in decaauts)
 A = Elapsed time spent in this place.
 B = Non-inter-level travel time spent in this place.
 C = Inter-level travel time spent in this place.
 D = Time resting spent in this place.
 E = Time spent auto-exploring this place.
 F = Levels seen in this place.
 G = Mean time per level.
                   A        B        C        D        E       F      G
               +--------+--------+--------+--------+--------+-----+--------+
         Total |   4000 |   3758 |    242 |     26 |   2888 |   7 |  571.4 |
       Dungeon |   3977 |   3757 |    220 |     26 |   2888 |   6 |  662.8 |
        Temple |     22 |      1 |     21 |      0 |      0 |   1 |   22.0 |
               +--------+--------+--------+--------+--------+-----+--------+

Top non-repeatable levels by time:
     D:1: 1031 daAuts
     D:5: 842 daAuts
     D:3: 735 daAuts
     D:4: 649 daAuts
     D:2: 629 daAuts
     D:6: 88 daAuts
  Temple: 22 daAuts
